 Dungeon Crawl Stone Soup version 0.29-a0-1027-gcd8c55af63 (webtiles) character file.

Game seed: 2272582654104370509

189 spaghetti the Trooper (level 5, -2/52 HPs)
             Began as an Ogre Chaos Knight on Aug 12, 2022.
             Was a Plaything of Xom.
             Succumbed to a scorpion's poison
             ... on level 4 of the Dungeon.
             The game lasted 00:06:38 (3431 turns).

spaghetti the Trooper (Ogre Chaos Knight)           Turns: 3431, Time: 00:06:41

Health: -2/52      AC:  5    Str: 16    XL:     5   Next: 68%
Magic:  4/4        EV:  9    Int: 15    God:    Xom [.*....]
Gold:   115        SH:  0    Dex:  6    Spells: 4/4 levels left

rFire   . . .      SeeInvis .     - Unarmed
rCold   . . .      Faith    .   (no shield)
rNeg    . . .      Spirit   .   a - +2 robe
rPois   .          Reflect  .   (helmet restricted)
rElec   .          Harm     .   (no cloak)
rCorr   .          Rampage  .   (gloves unavailable)
Will    .....      Clarity  +   (boots unavailable)
Stlth   +.........              g - amulet of magic regeneration {@e2}
HPRegen 0.17/turn               (no ring)
MPRegen 0.49/turn               (no ring)

@: mighty, lethally poisoned (-2 -> -19)
A: large, unfitting armour, tough skin 1, clarity, clumsy 1, frail 1, low MP 1
a: Renounce Religion


You were on level 4 of the Dungeon.
You worshipped Xom.
You were a plaything of Xom.
You visited 1 branch of the dungeon, and saw 4 of its levels.

You collected 115 gold pieces.


Innate Abilities, Weirdness & Mutations

You are too large for most types of armour.
You have tough skin. (AC +1)
You possess an exceptional clarity of mind.
You are clumsy. (Dex -2)
You are frail. (-10% HP)
Your magical capacity is low. (-10% MP)


   Skills:
 + Level 5.6 Fighting
 + Level 2.4 Throwing
 - Level 2.1 Dodging
 - Level 3.5 Unarmed Combat
 + Level 1.8 Transmutations


You had 4 spell levels left.
You didn't know any spells.
Your spell library contained the following spells:

 Spells                   Type           Power      Damage    Failure   Level
 Static Discharge         Conj/Air       0%         3-3/arc   38%         2
 Portal Projectile        Hex/Tloc       0%         N/A       63%         3
 Tukima's Dance           Hex            0%         N/A       63%         3
 Blade Hands              Tmut           2%         N/A       98%         5
 Lightning Bolt           Conj/Air       0%         1d11      100%        5
 Maxwell's Capacitive Co  Air            0%         ∞         100%        8

Inventory:

Hand Weapons
 c - a +0 club {mace}
   (You took it off a kobold on level 1 of the Dungeon)
 e - a +0 club {mace}
   (You took it off a kobold on level 1 of the Dungeon)
Missiles
 d - 52 stones {throwing}
 j - 5 javelins {throwing}
 q - 3 poisoned darts {throwing}
Armour
 a - a +2 robe (worn)
Jewellery
 g - an amulet of magic regeneration (around neck) {@e2}
   (You found it on level 2 of the Dungeon)
Scrolls
 h - a scroll of fear
 k - 4 scrolls of teleportation {@r4}
 l - a scroll of enchant weapon
 n - a scroll of torment {!r}
 r - a scroll of noise {!r}
 s - a scroll of blinking {unknown}
 t - 2 scrolls of immolation {unknown}
 u - a scroll of vulnerability {unknown}
Potions
 m - 2 potions of curing {@q1}
 o - a potion of mutation {!q}
Miscellaneous
 b - a piece from Xom's chessboard (13/15) (quivered)

Dungeon Overview and Level Annotations

Branches:
Dungeon (4/15) Zot: 20604
 Temple: D:4-7

Altars:
Ashenzari
Gozag
Nemelex Xobeh
Vehumet
Yredelemnul

Shops:
D:4 *

Annotations:
D:3 1 exclusion

#####
#§§§#
#§s.#
#§§§####
#@§§§§§#
#§§§#§§#
#§§§# ...
##§§§§ .
###.#
§§###
####.....#
§§# ..<..#
#§# ######
.# §#
#####..##


You could see a scorpion (poisoned, misshapen).


Message History

2 scorpions come into view.
The bullfrog moves out of view.
Unknown command.
Unknown command.
You hit the scorpion. The scorpion misses you.
You hit the scorpion. The scorpion stings you! 😕 HP[-7]
You take 7 damage, and now have 44/51 hp.
You are too injured to fight recklessly!
You are too injured to fight recklessly!
You are too injured to fight recklessly!
You are too injured to fight recklessly!
You are too injured to fight recklessly!
You are too injured to fight recklessly!
You are too injured to fight recklessly!
You are too injured to fight recklessly!
You are too injured to fight recklessly!
You are too injured to fight recklessly!
You are too injured to fight recklessly!
You are too injured to fight recklessly!
You are too injured to fight recklessly!
You are too injured to fight recklessly!
You are too injured to fight recklessly!
You are too injured to fight recklessly!
Unknown command.
It was a potion of mutation.
You feel extremely strange.
You feel weaker.
You no longer feel cold resistant.
You feel clumsy.
You feel less energetic.
Your thoughts seem clearer. "Get over here!"
The scorpion blinks!
The scorpion stings you but does no damage. 😕 MP[-1] It was a potion of might.
You feel very mighty all of a sudden. The scorpion closely misses you.
The scorpion stings you.
The scorpion stings you but does no damage. 😕 HP[-2]
You take 2 damage, and now have 42/51 hp.
Unknown command.
You hit the scorpion.
The scorpion stings you but does no damage.
The scorpion closely misses you. The scorpion stings you. 😕 HP[-3]
You take 3 damage, and now have 39/51 hp.
You punch the scorpion! The scorpion closely misses you.
The scorpion stings you.
You are poisoned.
The scorpion poisons you! 😮 HP[-4]
You take 4 damage, and now have 35/51 hp.
You barely miss the scorpion.
You feel very sick. The scorpion closely misses you. The scorpion stings you.
You are more poisoned.
The scorpion poisons you! 😮 HP[-6]
You take 6 damage, and now have 29/51 hp.
Unknown command.
You punch the scorpion!
You kill the scorpion!
* * * LOW HITPOINT WARNING * * *
You feel very sick. The scorpion stings you!
* * * LOW HITPOINT WARNING * * *
You are more poisoned.
The scorpion poisons you!
Your piece from Xom's chessboard (15/15) has regained one charge. 😨 HP[-11]
You now have 52 max hp (+1).
You take 11 damage, and now have 18/52 hp.
MASSIVE DAMAGE!! (PAUSE)
As you read the scroll of fear, it crumbles to dust.
You assume a fearsome visage.
The scorpion looks frightened!
* * * LOW HITPOINT WARNING * * *
You feel extremely sick. 😱 HP[-7]
You take 7 damage, and now have 11/52 hp.
Really read
i - a scroll of poison {!r}?
Okay, then.
Unknown command.
Unknown command.
Really read
i - a scroll of poison {!r}?
Really read the scroll of poison?
You can't even see any enemies this would affect.
The air fills with toxic fumes!
As you read the scroll of poison {!r}, it crumbles to dust.
* * * LOW HITPOINT WARNING * * *
You feel very sick. 😱 HP[-6]
You take 6 damage, and now have 5/52 hp.
You make a move on Xom's chessboard...
Your attack snaps the scorpion out of its fear.
The scorpion twists and deforms.
* * * LOW HITPOINT WARNING * * *
You feel very sick.
The scorpion is engulfed in poison gas.
The scorpion is poisoned. 😱 HP[-4]
You take 4 damage, and now have 1/52 hp.
You make a move on Xom's chessboard...
The scorpion twists and deforms.
You die...
Xom chuckles heartily!

Skill      XL: |  1  2  3  4  5 |
---------------+----------------+-----
Unarmed Combat | 3 |  3.5
Throwing       | 1 2 |  2.4
Fighting       | 5 |  5.6
Transmutations | 1 |  1.8
Dodging        | |  2.1

Action                   |  1- 3 |  4- 6 || total
-------------------------+-------+-------++-------
Melee: Unarmed           |   158 |   167 ||   325
       Punch             |     2 |     4 ||     6
Evoke: Piece from Xom's  |     2 |     5 ||     7
  Use: Potion            |     4 |     2 ||     6
       Scroll            |       |     8 ||     8
 Stab: Petrified         |     3 |       ||     3
       Sleeping          |       |     1 ||     1
Armor: Robe              |   127 |    41 ||   168
Dodge: Dodged            |   128 |    70 ||   198

Levels and vault maps discovered:
D:1:      dpeg_arrival_line_fractal, layout_basic,
          ebering_ecumenical_altar_ruins, minmay_tree_intersection,
          roderic_serpentine_path, item_on_display_b
D:2:      layout_rooms, basic_altar
D:3:      layout_loops_ring, mainiacjoe_overflow_catwalk,
          gammafunk_temple_overflow_forgotten, grunt_decor_cap
D:4:      layout_rooms, st_stairs_7, minmay_shop_damaged

Notes
Turn   | Place    | Note
-------+----------+-------------------------------------------
     0 | D:1      | spaghetti the Ogre Chaos Knight began the quest for the
                  | Orb.
     0 | D:1      | Reached XP level 1. HP: 24/24 MP: 1/1
     0 | D:1      | magus.rc [v1.9.6]
   126 | D:1      | XOM: silly message
   186 | D:1      | XOM: silly message
   244 | D:1      | Found a faded altar of an unknown god.
   244 | D:1      | XOM: 2-stop teleportation journey
   259 | D:1      | HP: 4/24 [gnoll/+0 whip (4)]
   268 | D:1      | Reached skill level 3 in Unarmed Combat
   268 | D:1      | Reached XP level 2. HP: 7/33 MP: 2/2
   278 | D:1      | XOM: silly message
   354 | D:1      | XOM: silly message
   625 | D:1      | XOM: cloud trail
   734 | D:1      | Reached XP level 3. HP: 40/40 MP: 3/3
   774 | D:1      | Reached skill level 1 in Throwing
   783 | D:1      | You pick up a book of Weapons and begin reading...
   783 | D:1      | You add the spells Tukima's Dance, Portal Projectile and
                  | Blade Hands to your library.
   881 | D:1      | XOM: 1-stop teleportation journey
  1615 | D:2      | XOM: noise
  1630 | D:2      | Reached XP level 4. HP: 36/49 MP: 4/4
  1705 | D:2      | XOM: stat loss: -1 Str (15/16)
  1762 | D:2      | Found a basalt altar of Yredelemnul.
  1782 | D:2      | Reached skill level 5 in Fighting
  1824 | D:2      | XOM: give mutations
  1824 | D:2      | Gained mutation: You are frail. (-10% HP) [Xom's mischief]
  1824 | D:2      | Gained mutation: Your flesh is cold resistant. (rC+) [Xom's
                  | mischief]
  1848 | D:2      | Reached skill level 1 in Transmutations
  2285 | D:3      | XOM: summons 1 hostile shadow creature
  2373 | D:3      | XOM: give mutation
  2373 | D:3      | Gained mutation: Your muscles are strong. (Str +4, Int/Dex
                  | -1) [Xom's mischief]
  2720 | D:3      | Found a broken altar of Ashenzari.
  2883 | D:3      | Found a radiant altar of Vehumet.
  2883 | D:3      | Found an opulent altar of Gozag.
  2883 | D:3      | Found a sparkling altar of Nemelex Xobeh.
  3033 | D:3      | Reached XP level 5. HP: 47/51 MP: 5/5
  3271 | D:4      | Found Tiwul's Lightly-Used Armoury.
  3385 | D:4      | Reached skill level 2 in Throwing
  3390 | D:4      | You pick up a book of Lightning and begin reading...
  3390 | D:4      | You add the spells Static Discharge, Lightning Bolt and
                  | Maxwell's Capacitive Coupling to your library.
  3418 | D:4      | XOM: 1-stop teleportation journey
  3422 | D:4      | Lost mutation: Your muscles are strong. (Str +4, Int/Dex
                  | -1) [potion of mutation]
  3422 | D:4      | Lost mutation: Your flesh is cold resistant. (rC+) [potion
                  | of mutation]
  3422 | D:4      | Gained mutation: You are clumsy. (Dex -2) [potion of
                  | mutation]
  3422 | D:4      | Gained mutation: Your magical capacity is low. (-10% MP)
                  | [potion of mutation]
  3422 | D:4      | Gained mutation: You possess an exceptional clarity of
                  | mind. [potion of mutation]
  3422 | D:4      | XOM: blink monster(s)
  3428 | D:4      | HP: 11/52 [poisoned by a scorpion]
  3429 | D:4      | HP: 5/52 [poisoned by a scorpion]
  3430 | D:4      | HP: 1/52 [poisoned by a scorpion]
  3431 | D:4      | Succumbed to a scorpion's poison

Vanquished Creatures
  A scorpion (D:4)
  A gnoll (D:1)
  4 adders
  2 worms (D:2)
  A dart slug (D:2)
  6 orcs (D:3)
  6 ball pythons
  7 bats
  5 endoplasms
  4 giant cockroaches
  5 hobgoblins
  5 jackals (D:1)
  5 kobolds
  3 quokkas
  5 frilled lizards
  6 goblins
  5 rats
71 creatures vanquished.

Vanquished Creatures (others)
  A plant (D:3)
1 creature vanquished.

Grand Total: 72 creatures vanquished

Table legend:
 A = Non-vault XP
 B = Vault XP
 C = Vault XP percentage of total XP
 D = Non-vault monster count
 E = Vault monster count
 F = Vault count percentage of total count
                 A         B        C        D         E       F
            +---------+---------+-------+---------+---------+-------
      Total |     269 |       2 |   0.7 |      70 |       1 |   1.4
            +---------+---------+-------+---------+---------+-------
        D:1 |      62 |       0 |   0.0 |      30 |       0 |   0.0
        D:2 |      56 |       0 |   0.0 |      16 |       0 |   0.0
        D:3 |      50 |       0 |   0.0 |      18 |       0 |   0.0
        D:4 |     101 |       2 |   1.9 |       6 |       1 |  14.3
            +---------+---------+-------+---------+---------+-------

Illustrated notes

Table legend:
 A = Kills in this place as a percentage of kills in entire the game.
 B = Kills by you in this place as a percentage of kills by you in the entire game.
 C = Kills by friends in this place as a percentage of kills by friends in the entire game.
 D = Other kills in this place as a percentage of other kills in the entire game.
 E = Experience gained in this place as a percentage of experience gained in the entire game.
 F = Experience gained in this place divided by the number of levels of this place that you have seen.
                   A       B       C       D       E      F
               +-------+-------+-------+-------+-------+----------------------
         Total | 100.0 | 100.0 |   N/A |   N/A | 100.0 |  67.8
       Dungeon | 100.0 | 100.0 |   N/A |   N/A | 100.0 |  67.8
               +-------+-------+-------+-------+-------+----------------------

Table legend: (Time is in decaauts)
 A = Elapsed time spent in this place.
 B = Non-inter-level travel time spent in this place.
 C = Inter-level travel time spent in this place.
 D = Time resting spent in this place.
 E = Time spent auto-exploring this place.
 F = Levels seen in this place.
 G = Mean time per level.
                   A        B        C        D        E       F      G
               +--------+--------+--------+--------+--------+-----+--------+
         Total |   3395 |   3334 |     61 |      0 |   2695 |   4 |  848.8 |
       Dungeon |   3395 |   3334 |     61 |      0 |   2695 |   4 |  848.8 |
               +--------+--------+--------+--------+--------+-----+--------+

Top non-repeatable levels by time:
     D:1: 1533 daAuts
     D:3: 995 daAuts
     D:2: 645 daAuts
     D:4: 221 daAuts
